Map: Stargazers

Players

aviloSoAmaze (Avilo) - Winner!

  • Race: Terran Terran
  • League: Grandmaster
  • Spawn Location: 11:00

UnKleToBy

  • Race: Protoss Protoss
  • League: Grandmaster
  • Spawn Location: 1:00

VOD

Have the link to the VOD?

Description

Time

  • Played on: Jan. 14, 2023, 11:41 p.m.
  • Length: 26:31
Show
View Real Time Build Order
Export as new Build Order

aviloSoAmaze Terran - Winner!

Build Orders: 2 Factory, Gas First Reaper Expand, Mech 

Get SALT Encoding   

  12  0:00  SCV  
  13  0:12  SCV  
  14  0:17  Supply Depot  
  14  0:24  SCV  
  15  0:31  Refinery  
  15  0:38  SCV  
  16  0:45  Barracks  
  16  0:50  SCV  
  17  1:03  SCV  
  18  1:12  Engineering Bay  
  18  1:15  SCV  
  18  1:18  Supply Depot  
  19  1:27  SCV  
  19  1:36  Reaper  
  20  1:40  Orbital Command  
  20  2:02  Command Center  
  20  2:06  SCV  
  21  2:12  Bunker  
  21  2:13  Marine  
  22  2:19  SCV  
  22  2:21  Refinery  
  23  2:31  Factory  
  23  2:33  SCV  
  23  2:35  Barracks Reactor  
  24  2:45  SCV  
  25  2:57  Factory, SCV  
  26  3:14  SCV  
  26  3:19  Orbital Command  
  26  3:21  Factory Tech Lab  
  26  3:23  Marine x2, Starport  
  26  3:26  SCV  
  29  3:37  Orbital Command  
  29  3:38  SCV  
  30  3:43  Siege Tank  
  33  3:51  SCV  
  33  3:53  Engineering Bay  
  33  3:54  Widow Mine  
  36  4:02  Viking  
  36  4:05  SCV  
  36  4:08  SCV  
  36  4:09  Supply Depot  
  40  4:11  Refinery  
  40  4:22  SCV  
  40  4:23  SCV, Missile Turret  
  42  4:26  Siege Tank  
  42  4:28  Marine  
  42  4:30  Marine  
  42  4:31  Widow Mine  
  49  4:39  SCV x2  
  49  4:41  Supply Depot, Missile Turret  
  51  4:51  SCV  
  51  4:52  Supply Depot, SCV  
  53  4:58  Armory  
  53  5:02  Medivac  
  53  5:04  SCV x2  
  57  5:25  Bunker  
  57  5:26  SCV  
  57  5:27  SCV  
  58  5:31  Siege Tank  
  58  5:32  Widow Mine x2  
  65  5:37  Supply Depot  
  65  5:39  SCV x2  
  65  5:41  Missile Turret  
  67  5:45  Supply Depot  
  67  5:46  Drilling Claws, Refinery  
  67  6:07  Medivac, Widow Mine x3  
  75  6:12  SCV x2  
  77  6:20  Terran Vehicle Weapons Level 1  
  77  6:23  Command Center  
  77  6:37  SCV  
  78  6:47  Supply Depot  
  78  6:48  Supply Depot  
  78  6:57  Factory x2  
  78  7:03  Barracks Reactor  
  78  7:09  Medivac, Widow Mine x2, SCV x2, Thor  
  78  7:11  Armory  
  92  7:21  SCV x2  
  92  7:38  Hellion x2  
  92  7:40  SCV x2  
  92  7:41  Orbital Command  
  91  8:04  Siege Tank, Orbital Command  
  91  8:05  Factory Tech Lab x2  
  82  8:06  Hellion x2  
  86  8:13  Missile Turret  
  86  8:24  Terran Vehicle Weapons Level 2, Terran Vehicle And Ship Armor Level 1  
  86  8:27  Hellion x2  
  86  8:29  Thor  
  96  8:37  Hellion  
  96  8:45  Orbital Command  
  92  8:48  SCV x2  
  94  8:56  Refinery  
  94  9:03  Missile Turret  
  94  9:04  Thor x2, Refinery, Missile Turret  
  106  9:13  Infernal Pre-Igniter  
  106  9:17  Hellion  
  108  9:20  Supply Depot  
  108  9:24  Supply Depot  
  108  9:32  Hellion  
  98  9:40  Siege Tank, Liberator, Hellion  
  98  9:42  SCV  
  105  9:47  Siege Tank  
  105  9:48  SCV x2, Hellion  
  112  9:54  SCV  
  112  9:56  Liberator  
  116  10:00  Ghost Academy  
  116  10:02  Missile Turret  
  116  10:09  Barracks Tech Lab  
  116  10:11  Siege Tank, Hellion x2  
  123  10:16  SCV x2, Hellion x3  
  125  10:23  Supply Depot  
  125  10:24  Supply Depot x2  
  125  10:28  Supply Depot  
  125  10:30  Terran Ship Weapons Level 1  
  125  10:31  Fusion Core  
  125  10:36  SCV  
  124  10:47  SCV x2  
  124  10:48  Siege Tank x2  
  124  10:49  Siege Tank, Hellion  
  139  10:50  Hellion  
  139  10:56  Supply Depot x2  
  139  11:08  Terran Vehicle And Ship Armor Level 2  
  139  11:10  Liberator  
  142  11:11  Liberator  
  123  11:37  Thor x2  
  123  11:38  Hellion x3  
  127  11:56  Hellion x2  
  127  11:59  Hellion  
  127  12:00  Command Center  
  129  12:08  Missile Turret x3  
  129  12:22  Advanced Ballistics, Liberator x2  
  133  12:34  Ghost  
  133  12:44  Sensor Tower x2  
  130  13:08  Liberator x2  
  130  13:11  Starport  
  130  13:12  Starport  
  132  13:39  Thor x2  
  142  13:50  Sensor Tower  
  142  13:59  Supply Depot  
  142  14:07  Thor x8  
  134  14:11  Liberator x2  
  134  14:13  Starport Tech Lab  
  134  14:14  Starport Tech Lab  
  140  14:26  Planetary Fortress  
  140  14:29  Refinery  
  140  14:45  Terran Vehicle Weapons Level 3  
  138  14:57  Missile Turret  
  138  14:59  Liberator  
  141  15:04  Terran Ship Weapons Level 2  
  141  15:11  Refinery  
  141  15:24  Thor  
  141  15:26  Hellion  
  133  15:41  Orbital Command  
  129  16:03  Banshee  
  129  16:04  Banshee, Viking x2  
  139  16:20  Cloaking Field  
  139  16:21  Hyperflight Rotors  
  139  16:39  SCV  
  138  16:44  SCV x3  
  145  17:00  SCV x3  
  148  17:02  Raven x2  
  148  17:04  Supply Depot  
  148  17:07  SCV  
  147  17:12  SCV  
  142  17:24  Terran Vehicle And Ship Armor Level 3, Terran Ship Weapons Level 3  
  142  17:26  SCV x2  
  142  17:27  Starport, SCV  
  142  17:29  SCV  
  146  17:42  Banshee x2  
  152  17:46  Smart Servos  
  152  17:58  Viking  
  152  17:59  Viking  
  152  18:11  Starport Tech Lab  
  152  18:15  Starport x2  
  152  18:17  Starport  
  152  18:22  Supply Depot  
  152  18:24  Supply Depot  
  150  18:35  Banshee x2  
  156  18:43  Ghost  
  158  19:12  Starport Tech Lab  
  158  19:13  Starport Tech Lab x2  
  158  19:24  Command Center  
  158  19:28  Sensor Tower  
  170  19:31  Battlecruiser x2  
  161  20:03  Battlecruiser  
  161  20:05  Weapon Refit  
  161  20:06  Refinery  
  167  20:08  Refinery  
  137  21:04  Battlecruiser x2  
  149  21:09  SCV x4  
  153  21:21  SCV  
  153  21:23  Siege Tank x2  
  148  21:52  Planetary Fortress  
  148  22:00  Banshee x3  
  148  22:01  Banshee  
  160  22:26  Missile Turret  
  160  22:27  Command Center  
  159  22:34  SCV x2  
  159  22:35  SCV x2  
  160  22:45  Command Center  
  160  22:51  SCV x4  
  164  23:03  SCV  
  165  23:12  Banshee x3  
  165  23:13  Banshee  
  177  23:20  Missile Turret  
  177  23:24  Supply Depot x2  
  177  23:46  Banshee  
  180  23:55  Viking x5  
  187  24:19  Ghost  
  189  24:29  Command Center  
  189  24:33  Sensor Tower  
  189  24:37  Missile Turret  
  154  25:09  Banshee x4  
  154  25:10  Viking x3  
  153  25:37  Banshee  
  153  25:39  Thor x2  
  153  25:40  Banshee, Viking x2  
  175  25:52  Viking  
  175  26:02  Orbital Command  
  175  26:05  Missile Turret  
  175  26:06  SCV x2  
  175  26:09  Missile Turret  
Show
View Real Time Build Order
Export as new Build Order

UnKleToBy Protoss 

Build Orders:  

Get SALT Encoding   

  12  0:00  Probe  
  13  0:12  Probe  
  14  0:24  Probe  
  14  0:25  Pylon  
  15  0:43  Probe (Chrono Boost)  
  15  0:47  Gateway  
  16  0:54  Assimilator  
  16  0:55  Probe (Chrono Boost)  
  17  1:00  Probe (Chrono Boost)  
  18  1:09  Probe  
  19  1:21  Probe  
  20  1:41  Cybernetics Core  
  20  1:46  Probe  
  21  1:48  Pylon  
  21  1:55  Nexus  
  21  1:58  Probe  
  22  2:08  Assimilator  
  22  2:14  Probe  
  22  2:15  Pylon  
  23  2:18  Stalker (Chrono Boost)  
  25  2:24  Warp Gate  
  25  2:30  Probe  
  25  2:34  Shield Battery  
  25  2:44  Robotics Facility  
  25  2:47  Probe  
  25  2:50  Stalker (Chrono Boost)  
  28  3:06  Gateway  
  28  3:08  Probe  
  28  3:09  Probe  
  30  3:20  Probe  
  30  3:22  Stalker  
  30  3:25  Probe  
  34  3:32  Probe, Observer  
  36  3:38  Gateway  
  36  3:42  Probe (Chrono Boost)  
  36  3:47  Probe (Chrono Boost)  
  38  3:54  Probe (Chrono Boost)  
  39  3:55  Warp Prism  
  39  3:58  Probe (Chrono Boost)  
  39  3:59  Probe (Chrono Boost)  
  43  4:08  Pylon  
  44  4:10  Pylon  
  44  4:15  Stalker  
  45  4:27  Stalker  
  47  4:33  Stalker  
  47  4:36  Probe  
  50  4:42  Probe  
  51  4:48  Probe, Pylon  
  51  4:51  Stalker  
  54  4:55  Stalker, Pylon  
  54  4:58  Stalker  
  58  5:03  Nexus  
  58  5:33  Probe  
  59  5:36  Probe  
  59  5:41  Twilight Council  
  60  5:43  Robotics Bay  
  60  5:45  Probe  
  60  5:46  Forge  
  60  5:48  Gateway  
  61  5:50  Probe, Gateway  
  61  5:51  Gateway  
  62  6:05  Charge (Chrono Boost)  
  62  6:07  Probe  
  61  6:13  Probe  
  62  6:18  Gateway  
  62  6:19  Probe  
  62  6:20  Pylon  
  62  6:24  Pylon  
  63  6:26  Protoss Ground Weapons Level 1 (Chrono Boost)  
  63  6:27  Zealot x3  
  63  6:28  Pylon  
  63  6:29  Assimilator  
  63  6:31  Assimilator  
  63  6:32  Pylon  
  69  6:38  Probe (Chrono Boost)  
  69  6:39  Probe (Chrono Boost)  
  72  6:44  Probe (Chrono Boost), Shield Battery  
  73  6:49  Probe (Chrono Boost)  
  73  6:50  Probe (Chrono Boost)  
  73  6:51  Immortal (Chrono Boost)  
  73  6:53  Probe (Chrono Boost)  
  79  6:56  Zealot x3, Probe (Chrono Boost)  
  89  7:08  Probe (Chrono Boost)  
  89  7:09  Zealot x2  
  89  7:10  Probe x2 (Chrono Boost)  
  93  7:22  Zealot  
  93  7:23  Zealot x3  
  93  7:27  Photon Cannon  
  93  7:28  Probe  
  94  7:31  Probe  
  94  7:32  Probe, Photon Cannon  
  87  7:53  Probe  
  87  7:54  Probe x2  
  87  7:58  Observer  
  73  8:06  Probe  
  73  8:08  Probe x2  
  73  8:12  Photon Cannon, Observer  
  77  8:19  Blink (Chrono Boost)  
  74  8:20  Probe x2  
  74  8:24  Probe  
  77  8:32  Probe (Chrono Boost)  
  77  8:33  Probe (Chrono Boost)  
  79  8:39  Probe (Chrono Boost)  
  80  8:44  Probe (Chrono Boost)  
  82  8:49  Probe (Chrono Boost)  
  82  8:52  Probe (Chrono Boost)  
  82  8:53  Probe (Chrono Boost)  
  85  8:57  Probe (Chrono Boost)  
  85  8:58  Zealot x6  
  85  8:59  Zealot  
  85  9:00  Probe (Chrono Boost)  
  85  9:02  Probe (Chrono Boost)  
  101  9:03  Probe (Chrono Boost)  
  102  9:12  Colossus (Chrono Boost)  
  102  9:13  Probe x2  
  110  9:19  Probe  
  111  9:24  Templar Archives  
  111  9:25  Probe x2  
  111  9:30  Stalker  
  111  9:31  Probe  
  111  9:35  Stalker  
  111  9:39  Probe x2  
  111  9:43  Probe  
  113  9:51  Probe x2  
  115  9:55  Probe  
  115  9:56  Protoss Ground Weapons Level 2 (Chrono Boost)  
  116  10:02  Colossus (Chrono Boost)  
  116  10:04  Probe  
  123  10:09  Probe  
  124  10:16  Probe  
  124  10:18  Nexus  
  124  10:21  Pylon  
  125  10:25  Pylon  
  125  10:40  Zealot x4  
  133  10:43  High Templar  
  133  10:44  High Templar x2  
  133  10:47  Archon  
  139  10:54  Probe, Gateway  
  140  10:57  Gateway  
  140  11:01  Probe  
  141  11:13  Probe  
  141  11:17  Stalker  
  141  11:21  Colossus  
  141  11:24  Stalker  
  141  11:25  Stalker x4  
  140  11:32  Probe x3  
  108  11:43  Stalker x2  
  108  11:44  Probe x3  
  108  11:45  Probe  
  114  11:54  High Templar  
  114  11:55  Zealot, High Templar, Pylon  
  114  11:56  Zealot x2, Probe x2 (Chrono Boost)  
  114  11:59  High Templar, Archon  
  114  12:01  Zealot  
  126  12:02  Probe (Chrono Boost)  
  126  12:07  Probe (Chrono Boost)  
  128  12:12  Probe x2 (Chrono Boost)  
  128  12:13  Probe (Chrono Boost), Stalker  
  133  12:17  Stalker  
  133  12:22  Probe  
  134  12:37  Zealot  
  134  12:38  Zealot x6  
  134  12:39  Probe x2  
  134  12:42  Probe  
  151  12:47  Photon Cannon  
  151  12:49  Probe, Shield Battery  
  152  12:51  High Templar  
  152  12:52  High Templar  
  152  12:55  Archon  
  156  13:01  Archon  
  138  13:11  Probe x2, Dark Shrine  
  132  13:16  Protoss Ground Weapons Level 3 (Chrono Boost)  
  128  13:38  Stalker  
  128  13:40  Stalker  
  125  13:41  Stalker  
  125  13:43  Stalker x2  
  125  13:45  Stalker x2  
  132  13:55  Stalker  
  126  14:00  Probe  
  125  14:07  Zealot x6  
  125  14:09  Probe x3  
  140  14:12  Probe  
  140  14:13  Pylon  
  141  14:21  Probe x3  
  144  14:27  Probe  
  144  14:29  Zealot x4  
  153  14:33  Probe x3  
  156  14:43  Disruptor  
  148  14:49  Robotics Facility  
  148  14:50  High Templar x2  
  152  14:54  Pylon  
  152  14:55  Nexus  
  152  14:56  Archon  
  152  15:17  Zealot, High Templar x2  
  152  15:18  Zealot x4  
  156  15:21  Archon  
  150  15:30  Zealot x2  
  150  15:32  Shadow Stride  
  154  15:40  Probe  
  154  15:41  Probe x2  
  157  15:44  Disruptor x2  
  147  16:00  Zealot  
  147  16:01  Zealot x8  
  147  16:03  Assimilator  
  165  16:05  Assimilator  
  165  16:06  Protoss Ground Armor Level 1  
  165  16:15  Assimilator  
  165  16:17  Assimilator  
  165  16:23  Disruptor (Chrono Boost)  
  165  16:24  Immortal (Chrono Boost)  
  151  16:51  Disruptor (Chrono Boost)  
  151  16:53  Probe x4  
  158  16:54  Photon Cannon  
  156  17:20  Zealot x7  
  156  17:21  Zealot x2  
  156  17:22  Nexus  
  174  17:23  Immortal  
  174  17:24  Immortal  
  182  17:34  Pylon  
  182  17:36  Photon Cannon  
  182  17:37  Pylon  
  182  17:39  Shield Battery  
  182  17:54  Stalker x2  
  182  17:56  Stalker  
  188  18:03  Observer (Chrono Boost)  
  187  18:08  Observer (Chrono Boost)  
  187  18:16  Stalker  
  187  18:26  Warp Prism (Chrono Boost)  
  187  18:27  Shield Battery  
  189  18:30  Photon Cannon  
  189  18:32  Photon Cannon  
  189  18:33  Shield Battery  
  189  18:39  Assimilator  
  189  18:42  Assimilator  
  189  18:47  Pylon  
  189  18:53  Observer  
  189  18:56  Gravitic Boosters  
  185  19:05  Photon Cannon  
  185  19:07  Photon Cannon  
  181  19:10  Stalker  
  181  19:11  Stalker x8  
  190  19:59  Zealot x4  
  194  20:22  Dark Templar x2  
  194  20:23  Stalker x2  
  194  20:24  Nexus, Stalker  
  178  20:40  Pylon  
  174  20:43  Pylon  
  153  20:58  Disruptor x2  
  153  21:02  Stalker x9  
  175  21:08  Stargate  
  175  21:10  Stargate  
  175  21:11  Stargate  
  124  21:41  Stalker x3  
  124  21:42  Stalker x6  
  124  21:43  Disruptor x2  
  148  21:54  Oracle  
  151  21:58  Pylon, Fleet Beacon  
  151  21:59  Pylon  
  151  22:01  Photon Cannon  
  151  22:03  Photon Cannon  
  151  22:06  Photon Cannon  
  151  22:08  Stalker x9, Photon Cannon  
  157  22:10  Photon Cannon  
  157  22:12  Shield Battery  
  169  22:16  Shield Battery  
  169  22:18  Disruptor  
  169  22:19  Observer  
  165  22:37  Stalker x3  
  165  22:38  Stalker  
  165  22:41  Observer  
  174  22:47  Tempest x3 (Chrono Boost)  
  186  23:02  Stalker  
  186  23:03  Stalker x8  
  183  23:14  Photon Cannon  
  183  23:16  Photon Cannon  
  183  23:18  Shield Battery  
  183  23:35  Phoenix  
  183  23:36  Phoenix  
  181  24:22  Protoss Shields Level 1 (Chrono Boost)  
  181  24:24  Assimilator  
  181  24:27  Pylon  
  181  24:30  Assimilator  
  180  24:31  Dark Templar  
  180  24:32  Dark Templar x7  
  154  25:02  Stalker  
  135  25:10  Stalker x8  
  140  25:15  Oracle (Chrono Boost)  
  134  25:27  Stalker  
  91  25:37  Stalker x8  
  95  25:59  Dark Templar  
  95  26:02  Stalker x8  
Tags
 
Add a new tag
Caveats
  • Supply blocks, unpowered buildings, or Contaminate may cause inaccurate times.
  • Supply counts are checked every 10 seconds.